 Dungeon Crawl Stone Soup version 0.19.1 (webtiles) character file.

46 Alarkh the Charmwright (level 3, 10/24 HPs)
             Began as a High Elf Skald on Nov 26, 2016.
             Got out of the dungeon alive.
             The game lasted 00:01:43 (1292 turns).

Alarkh the Charmwright (High Elf Skald)             Turns: 1292, Time: 00:01:44

Health: 10/24      AC:  3    Str: 11    XL:     3   Next: 46%
Magic:  6/8        EV: 11    Int: 16    God:
Gold:   52         SH:  0    Dex: 15    Spells: 1 memorised, 6 levels left

rFire  . . .     SeeInvis .     a - +0 falchion
rCold  . . .     Gourm    .     b - +0 leather armour
rNeg   . . .     Faith    .     (no shield)
rPois  .         Spirit   .     (no helmet)
rElec  .         Reflect  .     (no cloak)
rCorr  .         Harm     .     (no gloves)
MR     .....                    (no boots)
Stlth  +.........               (no amulet)
                                (no ring)
                                (no ring)

@: no status effects
A: no striking features
a: no special abilities


You escaped.
You were not hungry.

You visited 1 branch of the dungeon, and saw 2 of its levels.

You collected 52 gold pieces.

Inventory:

Hand Weapons
 a - a +0 falchion (weapon)
Armour
 b - a +0 leather armour (worn)
Scrolls
 f - a scroll of immolation {unknown}
 h - 2 scrolls of remove curse {unknown}
Potions
 e - 2 potions of curing {unknown}
 g - 2 potions of haste {unknown}
 k - a potion of agility {unknown}
Books
 c - a book of Battle

   Spells                             Type                      Level
   a - Infusion                       Charms                       1
   b - Shroud of Golubria             Charms/Translocation         2
   c - Song of Slaying                Charms                       2
   d - Spectral Weapon                Hexes/Charms                 3
   e - Regeneration                   Charms/Necromancy            3
Comestibles
 d - a bread ration
 i - 2 fruits
 j - 2 chunks of flesh
 l - a slice of pizza


   Skills:
 - Level 2.0 Fighting
 * Level 3.8 Long Blades
 - Level 0.8 Armour
 - Level 1.1 Dodging
 + Level 2.8 Spellcasting
 + Level 4.2 Charms


You had 6 spell levels left.
You knew the following spells:

 Your Spells              Type           Power        Failure   Level  Hunger
a - Infusion              Chrm           ###.         6%          1    #......


Dungeon Overview and Level Annotations

Branches:
Dungeon (2/15)

Altars:


Message History

You can't go up here!
You are too injured to fight recklessly!
You are too injured to fight recklessly!
Casting: Infusion
Confirm with . or Enter, or press ? or * to list all spells.
You extend your infusion's duration.
Unknown command.
The giant cockroach closely misses you.
You riposte.
You hit the giant cockroach!
You kill the giant cockroach!
(D) Dungeon
Where to? (Enter - D:1 @ (x,y), ? - help) Some of the chunks of flesh in your inventory have rotted away.
Your magical infusion is running out.
You see here a short sword.
You are no longer magically infusing your attacks.
There is an open door here.
There is a staircase leading out of the dungeon here.
Are you sure you want to leave the Dungeon?
This will make you lose the game!
You have escaped!

.##.## #####.#.##.########.##
.##.# #...#.#.##.# #... .##.##
#.#........# #### ##...#
#...######## # #...# ######.## #
#...# #.......# ### ##
#...#############.######## #.
##...#..#.....#..#.##.....# #>
.....#..###'###.@#..#.....######.
.....#..'.....'..#........##....)
.....####..#..####..#.....##.###.
##...#....###...(#........##.###.
#...#.....#.)...#...#######.#...
#...#.#.8.#)8.#.#...# #.#.##
#...#.#.......#.#...# #.#.##
#...#.###...###.#..(#### #.....
###.##...........#......######.##


There were no monsters in sight!

Vanquished Creatures
  3 dart slugs (D:1)
  2 leopard geckos (D:1)
  A ball python (D:1)
  3 giant cockroaches (D:1)
  4 goblins (D:1)
  4 hobgoblins (D:1)
  9 kobolds
  4 bats
  2 frilled lizards (D:1)
  5 rats (D:1)
37 creatures vanquished.

Notes
Turn   | Place    | Note
-------+----------+-------------------------------------------
     0 | D:1      | Alarkh the High Elf Skald began the quest for the Orb.
     0 | D:1      | Reached XP level 1. HP: 14/14 MP: 4/4
   283 | D:1      | Reached XP level 2. HP: 8/19 MP: 2/6
   697 | D:1      | Reached skill level 4 in Charms
   810 | D:1      | Reached XP level 3. HP: 18/24 MP: 5/8
  1292 | D:$      | Got out of the dungeon alive.

Skill      XL: |  1  2 |
---------------+-------+-----
Long Blades    | 3 |  3.8
Charms         | 4 |  4.2
Fighting       | |  2.0
Armour         | |  0.8
Dodging        | |  1.1
Spellcasting   | |  2.8

Action                   || total
-------------------------++-------
Melee: Falchion          ||    78
 Cast: Infusion          ||    20
  Eat: Chunk             ||     1
Armor: Leather armour    ||    17
Dodge: Dodged            ||    48
       Rpst.: Falchion   ||    12
